 Dungeon Crawl Stone Soup version 0.28.0-45-g0d030f2227 (webtiles) character file.

Game seed: 9978904958569717420

0 101zpm the Magician (level 1, 0/15 HPs)
             Began as a Djinni Ice Elementalist on Apr 17, 2022.
             Slain by a giant cockroach (1 damage)
             ... on level 1 of the Dungeon.
             The game lasted 00:00:33 (16 turns).

101zpm the Magician (Djinni Ice Elementalist)         Turns: 16, Time: 00:00:34

Health: 0/15       AC:  2    Str:  7    XL:     1   Next: 11%
Gold:   0          EV: 12    Int: 16    God:
                   SH:  0    Dex: 13

rFire   + + .      SeeInvis .   (no weapon)
rCold   x . .      Faith    .   (no shield)
rNeg    . . .      Spirit   .   a - +0 robe
rPois   ∞          Reflect  .   (no helmet)
rElec   .          Harm     .   (no cloak)
rCorr   .          Rampage  .   (no gloves)
Will    .....                   (boots unavailable)
Stlth   ++........              (no amulet)
HPRegen 0.05/turn               (no ring)
MPRegen 0.00/turn               (no ring)

@: flying
A: sickness immunity, fire resistance 2, cold vulnerability 1, float, innate
caster, HP casting, extra vitality 1
a: no special abilities


You were on level 1 of the Dungeon.
You visited 1 branch of the dungeon, and saw 1 of its levels.

Inventory:

Armour
 a - a +0 robe (worn)


   Skills:
 + Level 2.1 Dodging
 + Level 1.5 Stealth
 + Level 3.3 Spellcasting


You couldn't memorise any spells.
You knew the following spells:

 Your Spells              Type           Power      Damage    Failure   Level
a - Freeze                Ice            52%        1d7       4%          1
b - Frozen Ramparts       Ice            26%        1d4       14%         3
c - Ozocubu's Armour      Ice            13%        N/A       14%         3
d - Hailstorm             Conj/Ice       13%        3d5       43%         4
Your spell library was empty.

Dungeon Overview and Level Annotations

Branches:
Dungeon (1/15)

Altars:


Innate Abilities, Weirdness & Mutations

You are immune to sickness and miasma.
You are immune to poison.
Your flesh is very heat resistant. (rF++)
You are vulnerable to cold. (rC-)
You float through the air rather than walking.
You learn spells naturally, not from books.
Your magical power is your life essence.
You have superior vitality. (+4 MHP)


Message History

You feel drawn to the Orb of Zot, downwards into the unfathomable depths...
Press ? for a list of commands and other information.
Found a staircase leading out of the dungeon.
You begin with the following spells memorised: Freeze, Frozen Ramparts, Ozocubu's Armour, Hailstorm.
A kobold comes into view.
It is wielding a +1 short sword of flaming.
The kobold shouts!
The kobold throws a stone.
The stone hits you.
The kobold throws a stone.
The stone hits you but does no damage.
Found a whip.
The kobold throws a stone.
The stone hits you but does no damage.
A dart slug comes into view.
A giant cockroach comes into view.
The kobold barely misses you.
Aiming: Freeze (safe; 4% risk of failure)
Press: ? - help, Q - select action Shift-Dir - straight line, f - kobold
Aim: a kobold, wielding a +1 short sword of flaming and quivering stones You freeze the kobold.
The kobold is moderately wounded.
The kobold hits you with a +1 short sword of flaming.
Aiming: Freeze (safe; 4% risk of failure)
Press: ? - help, Q - select action Shift-Dir - straight line, f/p - kobold
Aim: a kobold, wielding a +1 short sword of flaming and quivering stones (moderately wounded)
You freeze the kobold.
You kill the kobold!
* * * LOW HITPOINT WARNING * * *
Aiming: Freeze (safe; 4% risk of failure)
Press: ? - help, Q - select action Shift-Dir - straight line, f - you That would be overly suicidal.
Okay, then.
You are too injured to fight recklessly!
Unknown command.
Found a dagger and a leather armour.
The dart slug launches a dart at you. The slug dart hits you.
* * * LOW HITPOINT WARNING * * *
Things that are here:
a +1 short sword of flaming; 2 stones; a kobold corpse You don't have enough health to cast this spell.
You don't have enough health to cast this spell.
Okay, then.
The giant cockroach bites you.
You die...

#.#.....##..
#.#......#)[
#.#......#.. #.#
#....#.#
#.#.##...#.# #.#
.....#.#
..#####.#####..#.#
.......<@B.....w.#
..#####.#####..#.#
#.# .....#...
#.#.##...#.....
#.# #....#.......
#.#......#.......
#.#......#.......
#.#.)...##.......


You could see a dart slug and a giant cockroach.

Vanquished Creatures
  A kobold (D:1)
1 creature vanquished.

Notes
Turn   | Place    | Note
-------+----------+-------------------------------------------
     0 | D:1      | 101zpm the Djinni Ice Elementalist began the quest for the
                  | Orb.
     0 | D:1      | Reached XP level 1. HP: 15/15 MP: 0/0
    16 | D:1      | Slain by a giant cockroach

Illustrated notes

Levels and vault maps discovered:
D:1:      matt_arrival_grand_opening, layout_rooms, nicolae_grassy_gnolls

Action                   || total
-------------------------++-------
 Cast: Freeze            ||     2
Armor: Robe              ||     2
Dodge: Dodged            ||     1
